 Dungeon Crawl Stone Soup version 0.17-a0-1945-gfe993df (webtiles) character file.

46 Kusio the Cudgeler (level 3, 0/39 HPs)
             Began as an Ogre Berserker on Oct 1, 2015.
             Was a Believer of Trog.
             Slain by a kobold
             ... wielding a +0 dagger
              (3 damage)
             ... on level 2 of the Dungeon.
             The game lasted 00:02:23 (1309 turns).

Kusio the Cudgeler (Ogre Berserker)                 Turns: 1309, Time: 00:02:24

Health: 0/39       AC:  3    Str: 18 (22) XL:     3   Next: 68%
Magic:  3/3        EV: 10    Int:  6      God:    Trog [**....]
Gold:   83         SH:  0    Dex: 10      Spells: 0 memorised, 2 levels left

rFire  . . .     SeeInvis .     a - +0 mace
rCold  . . .     Clarity  .     b - +0 animal skin
rNeg   . . .     SustAt   .     (no shield)
rPois  .         Gourm    .     (helmet restricted)
rElec  .         Spirit   .     (no cloak)
rCorr  .         Warding  .     (gloves unavailable)
rMut   .         Stasis   .     (boots unavailable)
MR     .....                    (no amulet)
Stlth  +.........               (no ring)
                                (no ring)

@: lethally poisoned (0 -> -2), exhausted, very slightly contaminated, hasted
and slowed, not resistant to hostile enchantments, very unstealthy
A: unfitting armour, tough skin 1
a: Burn Spellbooks, Berserk, Trog's Hand, Renounce Religion


You were on level 2 of the Dungeon.
You worshipped Trog.
Trog was pleased with you.
You were very hungry.

You visited 1 branch of the dungeon, and saw 2 of its levels.

You collected 83 gold pieces.

Inventory:

Hand weapons
 a - a +0 mace (weapon)
Armour
 b - a +0 animal skin (worn)
Scrolls
 d - a scroll of noise {unknown}
 e - a scroll of identify {unknown}
 g - a scroll of teleportation {unknown}
Comestibles
 c - a bread ration
 h - 5 fruits


   Skills:
 - Level 4.0 Fighting
 + Level 6.0 Maces & Flails
 - Level 2.6 Dodging


You had 2 spell levels left.
You didn't know any spells.

Dungeon Overview and Level Annotations

Branches:
Dungeon (2/15)

Altars:
Cheibriados
Makhleb
The Shining One


Innate Abilities, Weirdness & Mutations

You are too large for most types of armour.
You have tough skin (AC +1).


Message History

The kobold wields an uncursed dagger.
The kobold hits you with an uncursed dagger.
* * * LOW HITPOINT WARNING * * *
The kobold hits you with an uncursed dagger.
* * * LOW HITPOINT WARNING * * *
Drink which item? (? for menu, Esc to quit)
It was a potion of haste.
You feel yourself speed up. The kobold closely misses you.
You are very lightly contaminated with residual magic.
Drink which item? (? for menu, Esc to quit)
It was a potion of degeneration.
There was something very wrong with that liquid.
You feel weakened. The kobold barely misses you.
You barely miss the kobold.
* * * LOW HITPOINT WARNING * * *
You feel sick. The kobold closely misses you.
You closely miss the kobold.
The kobold hits you with an uncursed dagger.
You die...

#.#.###.#.# #.#
#.##......
#.#.....#.###.###
#.########
#.###.#.#....... ..#
# #.........##..# #
######†#####.## #
#........# #
#........# #
#.......(######## #
............@K......
##.#................
#..........#########
#...$.......#
.......#.####
........# .#


You could see a kobold.

Vanquished Creatures
  An adder (D:2)
  2 giant geckos (D:2)
  5 bats
  3 goblins
  4 hobgoblins (D:1)
  6 jackals (D:2)
  2 giant cockroaches (D:1)
  A giant newt (D:1)
  6 kobolds (D:1)
  3 rats
33 creatures vanquished.

Notes
Turn   | Place    | Note
--------------------------------------------------------------
     0 | D:1      | Kusio the Ogre Berserker began the quest for the Orb.
     0 | D:1      | Reached XP level 1. HP: 24/24 MP: 1/1
   120 | D:1      | Reached XP level 2. HP: 26/32 MP: 2/2
   389 | D:1      | Reached skill level 5 in Maces & Flails
   725 | D:1      | Acquired Trog's second power
   948 | D:1      | Reached XP level 3. HP: 37/39 MP: 3/3
  1029 | D:2      | Found a burning altar of Makhleb.
  1177 | D:2      | Found a glowing golden altar of the Shining One.
  1196 | D:2      | Found a snail-covered altar of Cheibriados.
  1294 | D:2      | Reached skill level 6 in Maces & Flails
  1309 | D:2      | Slain by a kobold

Vault maps used:
D:1:      minmay_arrival_doors
D:2:      grunt_temple_overflow_order_and_chaos_2, cheibriados_altar_1,
          tso_metal_star, serial_bayou_pond_c, minmay_bad_closet

Action                   || total
-------------------------++-------
Melee: Mace              ||   110
Invok: Berserk           ||     1
  Use: Potion            ||     2
  Eat: Chunk             ||     1
